 Dungeon Crawl Stone Soup version 0.29.0-15-g675c0067aa (webtiles) character file.

Game seed: 3985797747131913153

2 qw the Sneak (level 1, -1/14 HPs)
             Began as a Gargoyle Delver on Sept 11, 2022.
             Slain by a scorpion (4 damage)
             ... on level 4 of the Dungeon.
             The game lasted 00:00:05 (390 turns).

qw the Sneak (Gargoyle Delver)                       Turns: 390, Time: 00:00:06

Health: -1/14      AC:  6    Str: 14 (15) XL:     1   Next: 40%
Magic:  1/1        EV: 11    Int:  7 (10) God:
Gold:   12         SH:  0    Dex:  8 (11) Spells: 0/0 levels left

rFire   . . .      SeeInvis .   a - +0 hand axe
rCold   . . .      Faith    .   (no shield)
rNeg    + . .      Spirit   .   b - +0 leather armour
rPois   inf        Reflect  .   (no helmet)
rElec   +          Harm     .   (no cloak)
rCorr   .          Rampage  .   j - +0 pair of gloves
Will    .....                   (no boots)
Stlth   ++........              (no amulet)
HPRegen 0.04/turn               (no ring)
MPRegen 0.07/turn               (no ring)

@: no status effects
A: sickness immunity, AC +2, negative energy resistance 1, electricity
resistance, torment resistance 1, petrification resistance
a: no special abilities


You were on level 4 of the Dungeon.
You visited 1 branch of the dungeon, and saw 2 of its levels.

You collected 12 gold pieces.


Innate Abilities, Weirdness & Mutations

You are immune to sickness and miasma.
Your stone body is resilient. (AC +2)
You are immune to poison.
You resist negative energy. (rN+)
You are resistant to electric shocks. (rElec)
You are resistant to unholy torment.
You are immune to petrification.


   Skills:
 - Level 3.2 Fighting
 + Level 2.0 Axes
 - Level 1.5 Dodging
 - Level 5.4 Stealth


You couldn't memorise any spells.
You didn't know any spells.
Your spell library was empty.

Inventory:

Hand Weapons
 a - a +0 hand axe (weapon)
 i - a +0 club
Armour
 b - a +0 leather armour (worn)
 j - a +0 pair of gloves (worn)
Wands
 g - a wand of digging (3)
Potions
 f - a potion of haste

Dungeon Overview and Level Annotations

Branches:
Dungeon (5/15)
 Temple: D:4-7

Altars:
Dithmenos


Message History

365 ||| DROPPING scroll of magic mapping.
You drop a scroll of magic mapping.
366 ||| DROPPING scroll of fear.
You drop a scroll of fear.
367 ||| DROPPING potion of degeneration.
You drop a potion of degeneration.
(D) Dungeon
Where to? (* - list waypoints, ? - help)
What level of the Dungeon? (default 1, ? - help)
There is a stone staircase leading up here.
You climb upwards.
Found a long fluorescent wand.
Found a stone staircase leading down.
There is a stone staircase leading down here.
There are monsters nearby!
Existing waypoints: (2) D:5 Assign waypoint to what number? (0-9, D - delete waypoint) Waypoint 1 assigned to D:4.
Enter note: You hit the scorpion.
The scorpion is lightly wounded.
The scorpion stings you. x2
You hit the scorpion but do no damage.
The scorpion is lightly wounded.
The scorpion barely misses you.
You hit the scorpion but do no damage.
The scorpion is lightly wounded.
The scorpion completely misses you.
You hit the scorpion.
The scorpion is moderately wounded.
The scorpion stings you but does no damage. x2
You hit the scorpion.
The scorpion is heavily wounded.
The goblin shouts!
A quokka comes into view.
The scorpion stings you.
A goblin comes into view. It is wielding a +0 dagger.
You barely miss the scorpion.
The scorpion is heavily wounded.
The scorpion stings you.
You die...

....... .......
....... .....
+#######....
..........###+#
...............
.......@s......
.........#.###.
...........
.>.......#.##
.........#.#/#g
.........# ###.
..........


gr. +####+##.# ##. You could see a scorpion, a quokka and 2 goblins.

Vanquished Creatures
  2 jackals (D:5)
2 creatures vanquished.

Notes
Turn   | Place    | Note
-------+----------+-------------------------------------------
     0 | D:5      | qw the Gargoyle Delver began the quest for the Orb.
     0 | D:5      | Reached XP level 1. HP: 14/14 MP: 1/1
     0 | D:5      | 0 ||| qw: Version: 0.1-a-117-gfe26ee0
     0 | D:5      | 0 ||| qw: Game counter: 9862
     0 | D:5      | 0 ||| qw: Always use a shield: true
     0 | D:5      | 0 ||| qw: God list: Okawaru
     0 | D:5      | 0 ||| qw: Allow faded altars: false
     0 | D:5      | 0 ||| qw: Do Orc after D:15 true
     0 | D:5      | 0 ||| qw: Do second Lair branch before Depths: true
     0 | D:5      | 0 ||| qw: Lair rune preference: random
     0 | D:5      | 0 ||| qw: Plans: Normal
     0 | D:5      | 0 ||| PLANNING D:1-11
     6 | D:5      | Found a shadowy altar of Dithmenos.
   358 | D:5      | 358 ||| UPGRADING to +0 pair of gloves.
   363 | D:5      | 363 ||| DRINKING 2 yellow potions.
   364 | D:5      | 364 ||| DROPPING scroll of fog.
   365 | D:5      | 365 ||| DROPPING scroll of magic mapping.
   366 | D:5      | 366 ||| DROPPING scroll of fear.
   367 | D:5      | 367 ||| DROPPING potion of degeneration.
   376 | D:4      | Noticed a scorpion
   389 | D:4      | HP: 3/14 [scorpion (4)]
   390 | D:4      | Slain by a scorpion

Levels and vault maps discovered:
D:4:      layout_gridville, lemuel_coloured_pillars_altar, minmay_surrounded
D:5:      layout_cave_pods, nicolae_dithmenos_shadow_blocks

Skill      XL: |  1 |
---------------+----+-----
Axes           | 2 |  2.0
Fighting       | |  3.2
Dodging        | |  1.5
Stealth        | |  5.4

Action                   || total
-------------------------++-------
Melee: Hand axe          ||    16
  Use: Potion            ||     1
Armor: Leather armour    ||     8
Dodge: Dodged            ||    14

Table legend:
 A = Non-vault XP
 B = Vault XP
 C = Vault XP percentage of total XP
 D = Non-vault monster count
 E = Vault monster count
 F = Vault count percentage of total count
                 A         B        C        D         E       F
            +---------+---------+-------+---------+---------+-------
      Total |       4 |       0 |   0.0 |       2 |       0 |   0.0
            +---------+---------+-------+---------+---------+-------
        D:5 |       4 |       0 |   0.0 |       2 |       0 |   0.0
            +---------+---------+-------+---------+---------+-------
